 Dungeon Crawl Stone Soup version 0.25-a0-265-g7af84ae0ac (webtiles) character file.

Game seed: 13546807015648212089, levelgen mode: deterministic

10702 Gargoyl the Cleaver (level 11, -6/94 HPs)
             Began as a Centaur Abyssal Knight on Dec 8, 2019.
             Was an Elder of Lugonu.
             Mangled by a spiny frog (19 damage)
             ... on level 2 of the Lair of Beasts.
             The game lasted 00:18:01 (14530 turns).

Gargoyl the Cleaver (Centaur Abyssal Knight)       Turns: 14530, Time: 00:18:02

Health: -6/94      AC: 13    Str: 17    XL:     11   Next: 39%
Magic:  17/17      EV: 11    Int: 11    God:    Lugonu [****..]
Gold:   535        SH:  0    Dex: 10    Spells: 10/10 levels left

rFire    . . .     SeeInvis .   w - +2 war axe
rCold    . . .     Gourm    .   (no shield)
rNeg     + . .     Faith    .   e - +0 plate armour
rPois    +         Spirit   .   (no helmet)
rElec    .         Reflect  .   D - scarf {repulsion}
rCorr    .         Harm     .   b - +0 pair of gloves
MR       .....                  (no barding)
Stlth    ..........             (no amulet)
HPRegen  0.25/turn              t - +6 ring of evasion
MPRegen  0.15/turn              y - ring of positive energy

@: repel missiles, very quick
A: large, hooves 3, rugged brown scales 1, deformed body, speed 2, poison
resistance, tough skin 3
a: Depart the Abyss, Bend Space, Banish, Corrupt, Renounce Religion


You were on level 2 of the Lair of Beasts.
You worshipped Lugonu.
Lugonu was greatly pleased with you.
You were not hungry.

You visited 2 branches of the dungeon, and saw 12 of its levels.
You visited the Abyss 1 time.

You collected 759 gold pieces.
You spent 224 gold pieces at shops.

Inventory:

Hand Weapons
 a - a +1 hand axe
 w - a +2 war axe (weapon)
Missiles
 n - 8 boomerangs (quivered)
Armour
 b - a +0 pair of gloves (worn)
 e - a +0 plate armour (worn)
 D - a scarf of repulsion (worn)
Jewellery
 t - a +6 ring of evasion (left hand)
 y - a ring of positive energy (right hand)
Wands
 d - a wand of disintegration (8)
 s - a wand of iceblast (7)
 C - a wand of flame (15)
Scrolls
 f - a scroll of enchant weapon
 g - 2 scrolls of teleportation
 k - 9 scrolls of remove curse
 m - 2 scrolls of fear
 q - 5 scrolls of fog
 z - 2 scrolls of identify
Potions
 h - 3 potions of brilliance
 i - a potion of might
 j - a potion of cancellation
 l - a potion of resistance
 o - a potion of haste
 p - 2 potions of mutation
 r - a potion of flight
 u - a potion of degeneration {unknown}
 v - 4 potions of heal wounds
 x - 3 potions of curing
 B - a potion of invisibility {unknown}
Comestibles
 c - 12 rations


   Skills:
 + Level 7.6 Fighting
 + Level 9.1 Axes
 + Level 1.3 Throwing
 * Level 7.3 Armour
 * Level 5.1 Dodging
 * Level 8.2 Invocations
 + Level 0.1 Evocations


You had 10 spell levels left.
You didn't know any spells.
Your spell library contained the following spells:

 Spells                   Type           Power        Failure   Level  Hunger
 Corona                   Hex            #......      100%        1    ##.....
 Ensorcelled Hibernation  Hex/Ice        #.....       100%        2    ###....
 Confuse                  Hex            #.......     100%        3    ####...
 Dazzling Flash           Conj/Hex       #.....       100%        3    ####...
 Tukima's Dance           Hex            #.......     100%        3    ####...


Dungeon Overview and Level Annotations

Branches:
Dungeon (10/15)            Temple (0/1) D:5            Lair (2/6) D:8
    Orc (0/2) D:9
  Swamp: Lair:2-4    Shoals: Lair:2-4     Snake: Lair:2-4    Spider: Lair:2-4

Altars:
Dithmenos
Fedhas
Gozag
Kikubaaqudgha
Makhleb
Qazlal
Ru
Sif Muna
Trog
Uskayaw
Xom
Zin
The Shining One
Beogh

Shops:
D:7 !   D:9 =

Annotations:
Abyss:1 Fannar


Innate Abilities, Weirdness & Mutations

You have hooves in place of feet.
Armour fits poorly on your strangely shaped body.
You cover ground very quickly.
You have extremely tough skin. (AC +3)
You are partially covered in rugged brown scales. (AC +1, +3% HP)
Your system is resistant to poisons. (rPois)


Message History

The spiny frog is moderately wounded.
You feel sick. The spiny frog stings you!
You hit the spiny frog but do no damage.
The spiny frog is moderately wounded.
You feel sick. The spiny frog stings you.
Unknown command.
You slash the spiny frog!
The spiny frog is heavily wounded.
You feel sick. The spiny frog stings you!
* * * LOW HITPOINT WARNING * * *
The spiny frog stings you!
* * * LOW HITPOINT WARNING * * *
Unknown command.
You slash the spiny frog! You kick the spiny frog.
The spiny frog is almost dead.
You feel sick. The spiny frog stings you!
* * * LOW HITPOINT WARNING * * *
Unknown command.
You feel better. The spiny frog stings you!!
You die...

...................
...................
...................
...................
.............#.P###
##.%##.##..?!# ##
#.# ## ##...## #.
###P#.....##...
.......@.......
....#..F..PP...
....##...###... #..
#.... .#. #. #....#
. #....# ?.....
..#.P.#


You could see a spiny frog.

Vanquished Creatures
  The ghost of jannis the Destroyer, a novice DrCj (D:9)
  Pikel (D:5)
  An orange demon (Abyss:3)
  A rime drake (Lair:1)
  A spiny frog (Lair:1)
  A troll (D:10)
  2 hippogriffs
  14 yaks
  A hungry ghost (D:7)
  4 vampire mosquitoes (Lair:1)
  A porcupine (Lair:1)
  2 water moccasins (Lair:1)
  3 orc warriors
  An ice beast (D:6)
  2 sky beasts (D:9)
  A slave (D:4)
  A black bear (D:8)
  2 ogres
  4 centaurs
  2 crocodiles (Lair:1)
  A big kobold (D:10)
  An elf zombie (D:6)
  2 bullfrogs
  2 scorpions
  3 elf skeletons (D:6)
  A wyvern skeleton (D:7)
  10 killer bees (D:10)
  3 howler monkeys (D:7)
  4 crimson imps
  A bullfrog zombie (D:10)
  A quasit (D:6)
  2 jellies
  8 hounds
  3 centaur skeletons
  11 orc wizards
  13 orc priests
  A human skeleton (D:6)
  2 iguanas
  3 worker ants
  2 hound skeletons
  4 adders
  2 shadow imps (D:5)
  An ooze (D:3)
  4 worms
  2 dart slugs (D:2)
  2 leopard geckos
  37 orcs
  11 bats
  3 giant cockroaches
  3 goblins
  7 hobgoblins
  8 jackals
  8 kobolds
  4 quokkas
  3 frilled lizards
  A jackal skeleton (D:8)
  An orc skeleton (D:6)
  A quokka zombie (D:7)
  6 rats
  A fungus (Lair:1)
229 creatures vanquished.

Vanquished Creatures (others)
  A hydra (Lair:1)
  The ghost of qipq the Thaumaturge, a novice DEFE of Vehumet (D:7)
  A water moccasin (D:5)
  A plant (Lair:1)
4 creatures vanquished.

Grand Total: 233 creatures vanquished

Notes
Turn   | Place    | Note
-------+----------+-------------------------------------------
     0 | Abyss:1  | Gargoyl the Centaur Abyssal Knight began the quest for the
                  | Orb.
     0 | Abyss:1  | Reached XP level 1. HP: 19/19 MP: 2/2
     0 | Abyss:1  | Found a corrupted altar of Lugonu.
    38 | Abyss:2  | Noticed a thrashing horror
    81 | Abyss:3  | Noticed an orange demon
    84 | Abyss:3  | Killed an orange demon
    84 | Abyss:3  | Reached skill level 5 in Fighting
    84 | Abyss:3  | Reached skill level 2 in Axes
    84 | Abyss:3  | Reached XP level 2. HP: 29/29 MP: 2/4
    84 | Abyss:3  | Reached XP level 3. HP: 36/36 MP: 2/5
    84 | Abyss:3  | Reached XP level 4. HP: 42/42 MP: 2/6
    84 | Abyss:3  | Reached XP level 5. HP: 48/48 MP: 2/7
    84 | Abyss:3  | Reached XP level 6. HP: 56/56 MP: 2/8
   115 | Abyss:3  | Noticed a ynoxinul
   119 | D:1      | Escaped the Abyss
   357 | D:1      | Reached * piety under Lugonu
  1080 | D:2      | Found a shimmering blue altar of Sif Muna.
  1150 | D:2      | Found a hide-covered altar of Uskayaw.
  1422 | D:2      | Reached skill level 1 in Dodging
  1828 | D:3      | Found a shimmering altar of Xom.
  1925 | D:3      | Reached ** piety under Lugonu
  1962 | D:3      | Reached skill level 3 in Axes
  2369 | D:3      | Found an ancient bone altar of Kikubaaqudgha.
  2775 | D:4      | Reached XP level 7. HP: 54/61 MP: 9/9
  2958 | D:4      | Found a shadowy altar of Dithmenos.
  3157 | D:5      | Entered Level 5 of the Dungeon
  3324 | D:5      | Noticed Pikel
  3526 | D:5      | Found a staircase to the Ecumenical Temple.
  3603 | D:5      | Killed Pikel
  3603 | D:5      | Reached skill level 4 in Axes
  3603 | D:5      | Reached XP level 8. HP: 38/70 MP: 9/11
  4186 | D:5      | Found a glowing golden altar of the Shining One.
  4794 | D:6      | Reached skill level 5 in Axes
  4980 | D:6      | Reached skill level 5 in Invocations
  5107 | D:6      | Reached skill level 1 in Throwing
  5813 | D:6      | Reached *** piety under Lugonu
  5834 | D:6      | Reached XP level 9. HP: 29/75 MP: 12/12
  6284 | D:6      | Reached skill level 5 in Armour
  6374 | D:7      | Found an opulent altar of Gozag.
  6421 | D:7      | Found Nugomn's Distillery.
  6424 | D:7      | Bought a potion of heal wounds for 70 gold pieces
  6424 | D:7      | Bought a potion of heal wounds for 70 gold pieces
  6424 | D:7      | Bought a potion of curing for 42 gold pieces
  6424 | D:7      | Bought a potion of curing for 42 gold pieces
  6443 | D:7      | Found a transporter.
  6444 | D:7      | Noticed qipq's ghost (novice DEFE)
  6449 | D:7      | Found a transporter.
  6625 | D:7      | Banished qipq's ghost
  6625 | D:7      | Reached skill level 6 in Axes
  6685 | D:7      | Found a bloodstained altar of Trog.
  6962 | D:7      | Found a shadowy altar of Dithmenos.
  7001 | D:7      | Found a blossoming altar of Fedhas.
  7116 | D:7      | Found a glowing silver altar of Zin.
  7166 | D:7      | Found a sacrificial altar of Ru.
  7239 | D:8      | Found a staircase to the Lair.
  8055 | D:8      | Found a stormy altar of Qazlal.
  8301 | D:9      | Found Onwabewk's Jewellery Shop.
  8326 | D:9      | Noticed jannis's ghost (novice DrCj)
  8329 | D:9      | Found a runed translucent door.
  8344 | D:9      | HP: 3/78 [orc priest/divine providence (12)]
  8421 | D:9      | Found a staircase to the Orcish Mines.
  8671 | D:9      | Reached skill level 7 in Axes
  8671 | D:9      | Reached XP level 10. HP: 53/84 MP: 14/14
  9071 | D:9      | Reached **** piety under Lugonu
  9546 | D:9      | Found a roughly hewn altar of Beogh.
  9957 | D:9      | Killed jannis's ghost
 10093 | D:10     | Entered Level 10 of the Dungeon
 10468 | D:10     | Found a burning altar of Makhleb.
 11040 | D:10     | HP: 5/129 [orc priest/divine providence (16)]
 11789 | D:10     | Reached skill level 8 in Axes
 12208 | Lair:1   | Entered Level 1 of the Lair of Beasts
 12454 | Lair:1   | Reached ***** piety under Lugonu
 12454 | Lair:1   | Reached XP level 11. HP: 33/92 MP: 16/16
 12843 | Lair:1   | Noticed a five-headed hydra
 12848 | Lair:1   | Banished a five-headed hydra
 12932 | Lair:1   | Noticed Fannar
 12946 | Lair:1   | Banished Fannar
 13117 | Lair:1   | Reached skill level 5 in Dodging
 13382 | Lair:1   | Gained mutation: You are partially covered in rugged brown
                  | scales. (AC +1, +3% HP) [potion of mutation]
 13382 | Lair:1   | Gained mutation: Your system is resistant to poisons.
                  | (rPois) [potion of mutation]
 13782 | Lair:1   | Reached skill level 9 in Axes
 14529 | Lair:2   | HP: 2/94 [spiny frog (10)]
 14530 | Lair:2   | Mangled by a spiny frog

Levels and vault maps discovered:
D:1:      tarquinn_simple_flora_water_c, layout_basic
D:2:      layout_basic, old_standard_altar, lemuel_round_altar
D:3:      layout_loops_cross, nicolae_overflow_hidden_temple, xom_teletrap_fun,
          serial_forest, infiniplex_forest_zigzag_2, infiniplex_forest_clump_C,
          infiniplex_forest_clump_long, infiniplex_forest_straight_2,
          infiniplex_forest_clump_cross, infiniplex_forest_clump_long,
          infiniplex_forest_lined_room_2, infiniplex_forest_lined_room_2
D:4:      layout_rooms, first_ration, nicolae_dithmenos_shadow_blocks
D:5:      layout_basic, tso_oasis_becter, minmay_temple_entry_statues_pillars,
          lemuel_another_geyser, uniq_pikel
D:6:      layout_loops_cross, nicolae_ossuary_entry_catacombs,
          minmay_fractal_squares_5
D:7:      layout_basic, nicolae_ru_path_of_blood, marbit_many_paths,
          zin_treasury, grunt_gozag_statues, fedhas_ov_isle_minmay,
          gammafunk_ghost_arena, serial_shops, shop, trog_three_pillars_becter
D:8:      layout_rooms, lemuel_doored_altar, lair_entry_dummy
D:9:      layout_long_grid, minmay_orc_entry_temple_small, serial_shops, shop,
          hellmonk_ghost_happy_afterlife
D:10:     minmay_stone_box, layout_stronghold, basic_altar
Lair:1:   layout_regular_city, pond, uniq_fannar
Lair:2:   layout_regular_city, basic_altar, grunt_megastairs_5

Skill      XL: |  1  2  3  4  5  6  7  8  9 10 11 |
---------------+----------------------------------+-----
Fighting       | 5 6 7 |  7.6
Axes           | 2 3 4 5 7 8 9 |  9.1
Armour         | 2 3 4 5 6 7 |  7.3
Invocations    | 3 4 5 6 7 8 |  8.2
Dodging        | 1 2 3 4 5 |  5.1
Throwing       | 1 |  1.3
Evocations     | |  0.1

Action                   |  1- 3 |  4- 6 |  7- 9 | 10-12 || total
-------------------------+-------+-------+-------+-------++-------
Melee: Hand axe          |       |   195 |   379 |       ||   574
       Kick              |       |    34 |   124 |    86 ||   244
       War axe           |       |       |   171 |   359 ||   530
Throw: Boomerang         |       |       |     9 |     8 ||    17
Invok: Depart the Abyss  |       |     1 |       |       ||     1
       Banish            |       |       |     1 |     4 ||     5
Evoke: Wand              |     2 |     3 |       |       ||     5
  Use: Scroll            |       |     8 |     8 |     6 ||    22
       Potion            |       |     1 |     1 |    11 ||    13
  Eat: Chunk             |       |     3 |    12 |    12 ||    27
       Ration            |       |       |     6 |     2 ||     8
Armor: Plate armour      |       |   189 |   422 |   198 ||   809
       Skin              |       |       |       |    35 ||    35
Dodge: Dodged            |       |    28 |   294 |   199 ||   521
       Deflected         |       |       |       |     1 ||     1

Table legend:
 A = Non-vault XP
 B = Vault XP
 C = Vault XP percentage of total XP
 D = Non-vault monster count
 E = Vault monster count
 F = Vault count percentage of total count
                 A         B        C        D         E       F
            +---------+---------+-------+---------+---------+-------
      Total |   11426 |    3863 |  25.3 |     203 |      27 |  11.7
            +---------+---------+-------+---------+---------+-------
        D:1 |      24 |       0 |   0.0 |      15 |       0 |   0.0
        D:2 |      77 |       0 |   0.0 |      15 |       0 |   0.0
        D:3 |     112 |       0 |   0.0 |      29 |       0 |   0.0
        D:4 |     205 |       0 |   0.0 |       8 |       0 |   0.0
        D:5 |     426 |     651 |  60.4 |      18 |       1 |   5.3
        D:6 |     884 |     416 |  32.0 |      22 |       8 |  26.7
        D:7 |     821 |     458 |  35.8 |      11 |       5 |  31.2
        D:8 |     518 |       0 |   0.0 |      15 |       0 |   0.0
        D:9 |    1223 |     952 |  43.8 |      14 |       8 |  36.4
       D:10 |    2716 |       0 |   0.0 |      37 |       0 |   0.0
     Lair:1 |    4011 |    1386 |  25.7 |      18 |       5 |  21.7
    Abyss:3 |     409 |       0 |   0.0 |       1 |       0 |   0.0
            +---------+---------+-------+---------+---------+-------
